 Dungeon Crawl Stone Soup version 0.13.1-27-ga479965 (webtiles) character file.

228 Chiseanne the Ruinous (level 4, -1/30 HPs)
             Began as a Mummy Conjurer on Feb 9, 2014.
             Shot with a bolt by a yaktaur captain (31 damage)
             ... on Level 1 of the Dungeon.
             The game lasted 00:09:35 (8095 turns).

Chiseanne the Ruinous (Mummy Conjurer)              Turns: 8095, Time: 00:09:35

HP  -1/30        AC  3     Str 11      XL: 4   Next: 55%
MP   8/8         EV 14     Int 15      God:
Gold 122         SH  0     Dex 12      Spells:  2 memorised,  2 levels left

Res.Fire  : x . .   See Invis. : .   i - +0 dwarf short sword
Res.Cold  : + . .   Warding    : .   p - +0 robe
Life Prot.: + + +   Conserve   : .   (no shield)
Res.Poison: +       Res.Corr.  : .   (no helmet)
Res.Elec. : .       Clarity    : .   o - +0 cloak
Sust.Abil.: . .     Spirit.Shd : .   (no gloves)
Res.Mut.  : .       Stasis     : .   (no boots)
Res.Rott. : +       Flight     : .   (no amulet)
Saprovore : . . .                    (no ring)
                                     e - +2 ring of evasion

@: slightly resistant to hostile enchantments, unstealthy
A: no food or potions, fire vulnerability, restore body, cold resistance 1, life
protection 3, poison resistance, torment resistance, unbreathing
a: no special abilities


You were on level 1 of the Dungeon.
You were not hungry.

You visited 1 branch of the dungeon, and saw 3 of its levels.

You collected 102 gold pieces.

Inventory:

Hand weapons
 b - a +2,+2 spear (quivered)
 i - a +0,+0 dwarven short sword (weapon)
Armour
 o - a +0 cloak (worn)
 p - a +0 robe (worn)
Comestibles
 a - a bread ration
 d - 2 apples
 n - a meat ration
Scrolls
 h - a scroll of enchant armour {unknown}
 j - a scroll of amnesia {unknown}
 l - a scroll of magic mapping {unknown}
 r - 2 scrolls of teleportation {unknown}
 s - 2 scrolls of identify {unknown}
 t - a scroll of fear {unknown}
 u - a scroll of curse jewellery {unknown}
Jewellery
 e - a +2 ring of evasion (left hand)
Potions
 f - 4 potions of curing {unknown}
 g - a potion of resistance {unknown}
 k - a potion of mutation {unknown}
 m - 2 potions of agility {unknown}
 q - a potion of restore abilities {unknown}
Books
 c - a book of Conjurations

   Spells                             Type                      Level
   *Magic Dart                        Conjuration                  1
   Searing Ray                        Conjuration                  2
   Dazzling Spray                     Conjuration/Hexes            3
   *Iskenderun's Mystic Blast         Conjuration                  4
   Iskenderun's Battlesphere          Conjuration/Charms           4
   Fulminant Prism                    Conjuration/Hexes            5


   Skills:
 - Level 1.5 Dodging
 - Level 1.5 Stealth
 * Level 2.4 Spellcasting
 * Level 4.4 Conjurations


You had 2 spell levels left.
You knew the following spells:

 Your Spells              Type           Power        Failure   Level  Hunger
a - Magic Dart            Conj           ###.         3%          1    N/A
b - Iskenderun's Mystic   Conj           ###.....     34%         4    N/A

Dungeon Overview and Level Annotations

Branches:
Dungeon (3/27)

Altars:


Innate Abilities, Weirdness & Mutations

You do not eat or drink.
Your flesh is vulnerable to fire.
Your flesh is cold resistant.
You are immune to negative energy.
Your system is resistant to poisons.
You are immune to unholy pain and torment.
You can survive without breathing.


Message History

A yaktaur captain is nearby!
A yaktaur captain is nearby!
A yaktaur captain is nearby!
A yaktaur captain is nearby!
A yaktaur captain is nearby!
A yaktaur captain is nearby!
A yaktaur captain is nearby!
A yaktaur captain is nearby!
A yaktaur captain is nearby!
A yaktaur captain is nearby!
A yaktaur captain is nearby!
A yaktaur captain is nearby!
A yaktaur captain is nearby!
A yaktaur captain is nearby!
A yaktaur captain is nearby!
The yaktaur captain shouts!
The yaktaur captain wields a crossbow.
The yaktaur captain shoots a bolt.
The bolt hits you!
Ouch! That really hurt!
You die...

#)#....###########
#)#....# #.#.##.#
#.#.##.# #.#[##.#
#####
#.#.##.###...#####
#.#.##............
#.#.##...#...#####
#@#.##...#...#####
#)#.##...#...%(...
#.#.######...#####
#.#.# #...# #.#.#
#...# #.#.###
#...#
#.#...####...#####
#.#...............
#c#...#####.######


You could see a yaktaur captain.

Vanquished Creatures
  4 adders (D:2)
  A worm (D:2)
  4 oozes
  10 bats
  4 giant cockroaches
  11 hobgoblins
  8 kobolds
  A quokka (D:2)
  A giant newt (D:1)
  3 goblins (D:2)
  13 rats
60 creatures vanquished.

Notes
Turn   | Place    | Note
--------------------------------------------------------------
     0 | D:1      | Chiseanne, the Mummy Conjurer, began the quest for the Orb.
     0 | D:1      | Reached XP level 1. HP: 13/13 MP: 3/3
   586 | D:1      | Reached XP level 2. HP: 19/19 MP: 1/4
  1542 | D:2      | Reached XP level 3. HP: 24/24 MP: 3/6
  1692 | D:2      | Reached skill level 4 in Conjurations
  2013 | D:2      | Reached XP level 4. HP: 26/30 MP: 0/8
  2019 | D:2      | Learned a level 4 spell: Iskenderun's Mystic Blast
  8095 | D:1      | Noticed a yaktaur captain
  8095 | D:1      | Shot with a bolt by a yaktaur captain

Action                   |  1- 3 |  4- 6 || total
-------------------------+-------+-------++-------
Melee: Spear             |    10 |       ||    10
       Short sword       |    11 |    10 ||    21
 Cast: Magic Dart        |    85 |    72 ||   157
